 Dungeon Crawl Stone Soup version 0.26-a0-1132-ge9770dfcb6 (webtiles) character file.

Game seed: 4398937069589350721

92329 lordlovebone the Fencer (level 15, -4/152 (156) HPs)
             Began as a Demigod Wanderer on Dec 20, 2020.
             Shot with an arrow by a centaur (11 damage)
             ... while paralysed by an orc sorcerer
             ... on level 2 of the Orcish Mines.
             The game lasted 01:27:45 (28553 turns).

lordlovebone the Fencer (Demigod Wanderer)         Turns: 28553, Time: 01:27:45

HP:   -4/152 (156)  AC: 21    Str: 20    XL:     15   Next: 15%
MP:   19/20         EV:  2    Int: 21    God:
Gold: 721           SH:  0    Dex: 15    Spells: 6/16 levels left

rFire    . . .     SeeInvis .   a - +8 double sword (vorpal)
rCold    . . .     Faith    .   N - +3 buckler {AC+3}
rNeg     . . .     Spirit   .   R - +4 troll leather armour {regen}
rPois    +         Reflect  .   I - +0 helmet
rElec    .         Harm     .   y - +2 cloak {rPois}
rCorr    .         Rampage  .   M - +2 pair of gloves
Will     +....                  m - +2 pair of boots
Stlth    +++.......             C - amulet of Vitality {Regen+ HP+15}
HPRegen  1.15/turn              c - ring of Phasing {EV+8}
MPRegen  0.17/turn              D - ring of stealth {Stlth+}

@: paralysed, wereblooded, lightly drained
A: high mp 1
a: no special abilities


You were on level 2 of the Orcish Mines.
You visited 3 branches of the dungeon, and saw 23 of its levels.

You collected 2070 gold pieces.
You spent 1349 gold pieces at shops.

Inventory:

Hand Weapons
 a - a +8 vorpal double sword (weapon)
   (You acquired it on level 6 of the Lair of Beasts)
 b - a +5 hunting sling of flaming
   (You found it on level 4 of the Dungeon)
 w - a +3 scimitar of flaming
   (You took it off an efreet on level 15 of the Dungeon)
Missiles
 f - 3 curare-tipped darts (quivered)
 k - 8 boomerangs of dispersal {=f}
 p - 89 sling bullets
 V - 2 throwing nets {=f, !d}
Armour
 h - a +2 leather armour of cold resistance
   (You took it off Rupert on level 13 of the Dungeon)
 m - a +2 pair of boots (worn)
   (You found it on level 13 of the Dungeon)
 y - a +2 cloak of poison resistance (worn)
   (You acquired it on level 4 of the Lair of Beasts)
 I - a +0 helmet (worn)
   (You found it on level 6 of the Dungeon)
 M - a +2 pair of gloves (worn)
   (You found it on level 7 of the Dungeon)
 N - a +3 buckler of protection (worn)
   (You bought it in a shop on level 13 of the Dungeon)
 R - a +4 troll leather armour (worn) {regen}
   (You found it on level 9 of the Dungeon)
 W - the +1 leather armour of Deibb {Will+++ Str+5 Int-5 Dex-2}
   (You found it on level 4 of the Lair of Beasts)

   It affects your strength (+5).
   It affects your intelligence (-5).
   It affects your dexterity (-2).
   It affects your willpower, your defense against some magical effects.
Magical Staves
 X - an uncursed staff of fire {rF+}
   (You found it on level 6 of the Lair of Beasts)
Jewellery
 c - the ring of Phasing (left hand) {EV+8}
   (You found it on level 10 of the Dungeon)

   [ring of evasion]

   It affects your evasion (+8).
 g - the ring "Saupiv" {Ice Str+3}
   (You found it on level 1 of the Lair of Beasts)

   [ring of ice]

   It enhances your ice magic.
   It affects your strength (+3).
   It makes you vulnerable to fire.
   It protects you from cold.
 n - an uncursed ring of resist corrosion
   (You found it on level 3 of the Lair of Beasts)
 o - an uncursed ring of protection from fire {rF+, !d}
   (You found it on level 1 of the Dungeon)
 C - the amulet of Vitality (around neck) {Regen+ HP+15}
   (You bought it in a shop on level 5 of the Dungeon)

   [amulet of regeneration]

   It affects your health (+15).
   It increases your rate of regeneration.
 D - a ring of stealth (right hand) {Stlth+}
   (You found it on level 6 of the Dungeon)
Wands
 i - a wand of polymorph (9)
   (You took it off a yaktaur on level 13 of the Dungeon)
 v - a wand of flame (40)
   (You found it on level 3 of the Dungeon)
 E - a wand of digging (6)
   (You found it on level 5 of the Lair of Beasts)
 Q - a wand of iceblast (1)
   (You found it on level 3 of the Lair of Beasts)
 S - a wand of paralysis (27)
   (You found it on level 7 of the Dungeon)
Scrolls
 d - 12 scrolls of teleportation
 j - 17 scrolls of remove curse
 q - 2 scrolls of immolation {!r}
 u - 10 scrolls of blinking {!r}
 x - a scroll of silence
 H - 6 scrolls of fog
 K - 3 scrolls of magic mapping {!r}
 P - 2 scrolls of holy word {!r}
 U - 4 scrolls of identify
 Y - 4 scrolls of fear
Potions
 l - 5 potions of might
 r - 4 potions of haste
 s - 2 potions of resistance
 t - 5 potions of flight
 z - 7 potions of berserk rage {!q}
 A - 2 potions of cancellation
 B - a potion of lignification {!q}
 F - 2 potions of ambrosia
 G - 4 potions of heal wounds
 T - 4 potions of curing
Miscellaneous
 e - a box of beasts
   (You found it on level 2 of the Lair of Beasts)
 J - a tin of tremorstones (2/2)
   (You found it on level 6 of the Lair of Beasts)
 Z - a phantom mirror
   (You found it on level 6 of the Lair of Beasts)


   Skills:
 + Level 15.1 Fighting
 - Level 7.2(12.4) Short Blades
 - Level 15.4(16.0) Long Blades
 - Level 1.0(1.1) Maces & Flails
 - Level 1.0(1.1) Staves
 - Level 6.0 Throwing
 - Level 1.0 Armour
 - Level 5.0 Dodging
 - Level 2.6 Stealth
 - Level 4.0 Shields
 - Level 1.3 Spellcasting
 - Level 2.0 Translocations
 - Level 2.0 Transmutations
 - Level 2.0 Air Magic
 - Level 1.0 Earth Magic
 - Level 5.0 Evocations


You had 6 spell levels left.
You knew the following spells:

 Your Spells              Type           Power        Failure   Level
a - Wereblood             Tmut           9%           12%         2
g - Apportation           Tloc           18%          9%          1
s - Swiftness             Air            9%           12%         2
w - Passwall              Tmut/Erth      5%           16%         2
A - Ozocubu's Armour      Ice            1%           50%         3

Your spell library contained the following spells:

 Spells                   Type           Power        Failure   Level
 Beastly Appendage        Tmut           18%          9%          1
 Sandblast                Erth           10%          12%         1
 Shock                    Conj/Air       20%          12%         1
 Animate Skeleton         Necr           2%           19%         1
 Corona                   Hex            1%           19%         1
 Foxfire                  Conj/Fire      4%           19%         1
 Freeze                   Ice            4%           19%         1
 Magic Dart               Conj           4%           19%         1
 Summon Small Mammal      Summ           4%           19%         1
 Searing Ray              Conj           2%           28%         2
 Spider Form              Tmut/Pois      2%           36%         3
 Static Discharge         Conj/Air       5%           36%         3
 Stone Arrow              Conj/Erth      6%           41%         3
 Conjure Flame            Conj/Fire      1%           50%         3
 Dazzling Flash           Conj/Hex       2%           50%         3
 Frozen Ramparts          Ice            2%           50%         3
 Inner Flame              Hex/Fire       1%           50%         3
 Airstrike                Air            4%           63%         4
 Petrify                  Tmut/Erth      7%           69%         4
 Ice Form                 Ice/Tmut       5%           77%         4
 Iskenderun's Mystic Bla  Conj/Tloc      5%           77%         4
 Animate Dead             Necr           0%           88%         4
 Cause Fear               Hex            0%           88%         4
 Dispel Undead            Necr           1%           88%         4
 Fulminant Prism          Conj/Hex       0%           88%         4
 Hailstorm                Conj/Ice       1%           88%         4
 Sticky Flame             Conj/Fire      1%           88%         4
 Summon Ice Beast         Ice/Summ       1%           88%         4
 Blade Hands              Tmut           4%           92%         5
 Lee's Rapid Deconstruct  Erth           2%           98%         5
 Lightning Bolt           Conj/Air       2%           98%         5
 Silence                  Hex/Air        2%           98%         5
 Yara's Violent Unravell  Hex/Tmut       2%           98%         5
 Agony                    Necr           1%           99%         5
 Excruciating Wounds      Necr           0%           99%         5
 Fireball                 Conj/Fire      0%           99%         5
 Discord                  Hex            0%           100%        8


Dungeon Overview and Level Annotations

Branches:
Dungeon (15/15)            Temple (0/1) D:7            Lair (6/6) D:8
  Swamp (0/4) Lair:3        Snake (0/4) Lair:4        Slime (0/5) Lair:6
    Orc (2/2) D:11         Vaults (0/5) D:13         Depths (0/5) D:15
    Elf: Orc:2

Shops:
D:5 =   D:6 (   D:7 =   D:13 [   D:14 :**   Orc:1 !

Annotations:
D:1 dig vault
D:2 curare on disl
D:5 1 runed translucent door, Crazy Yiuf
D:11 hydra locked
D:14 3 runed translucent doors, exclusion: obsidian statue, Vuniox's ghost, adept GrEE
Lair:2 exclusion: 2 oklob plants


Innate Abilities, Weirdness & Mutations

You have an increased reservoir of magic. (+10% MP)


Message History

You are too injured to fight recklessly!
You are too injured to fight recklessly!
You are too injured to fight recklessly!
You are too injured to fight recklessly!
You are too injured to fight recklessly!
You closely miss the orc warrior. The orc warrior closely misses you.
You slash the orc warrior!
The orc warrior is moderately wounded.
You hit the orc warrior.
The orc warrior is severely wounded.
You howl as the wereblood boils in your veins!
The orc warrior misses you.
You slice the orc warrior!!
You kill the orc warrior!
There is a stone staircase leading down, spattered with blood here.
Things that are here:
a +0 war axe; a +0 plate armour You start resting.
Your primal bloodlust is almost over.
You regained 2 hp, and now have 99/156 hp.
You start resting.
You howl as the wereblood boils in your veins!
You regained 2 hp, and now have 101/156 hp.
You start resting.
Your primal bloodlust has ended.
You regained 5 hp, and now have 106/156 hp.
HP restored.
Things that are here:
a +0 robe; a +0 dagger; Health restored: 156
Things that are here:
a +0 hand axe; a +0 chain mail; an orc corpse Done exploring.
Done exploring.
Done exploring.
You start waiting.
Done waiting.
Unknown command.
There is a stone staircase leading down, spattered with blood here.
Things that are here:
a +0 war axe; a +0 plate armour Unknown command.
Unknown command.
Casting: Wereblood (safe; 12% risk of failure)
Confirm with . or Enter, or press ? or * to list all spells.
Your blood is infused with primal strength.
You now have 18/20 mp.
You climb downwards.
The centaur shoots an arrow.
The arrow completely misses you.
The arrow hits the orc!
The orc dies!
An orc comes into view. It is wielding a +0 flail.
The orc warrior unwields a +0 broad axe.
The orc warrior wields a +0 arbalest.
The orc warrior shoots a bolt.
You block the bolt. The orc sorcerer casts a spell at you.
You suddenly lose the ability to move!
The orc hits you but does no damage.
The centaur shoots an arrow.
The arrow hits you.
The orc sorcerer gestures at you while chanting.
The bolt of negative energy hits you!!
You feel drained. The orc hits you but does no damage.
The centaur shoots an arrow.
The arrow hits you.
The orc warrior hits you but does no damage.
The centaur shoots an arrow.
The arrow hits you but does no damage. The orc sorcerer casts a spell at you.
The bolt of fire hits you! The orc hits you but does no damage.
The centaur shoots an arrow.
The arrow hits you!
The orc warrior shoots a bolt.
The bolt hits you!!
The orc warrior shoots a bolt.
The bolt hits you.
The orc warrior hits you from afar with a +0 halberd.
The orc hits you but does no damage.
You hear a shout!
The centaur shoots an arrow.
The arrow hits you but does no damage.
The orc warrior shoots a bolt.
The bolt hits you!!
The orc warrior hits you from afar with a +0 halberd!
The orc hits you but does no damage.
The orc warrior shoots a bolt.
The bolt hits you!
* * * LOW HITPOINT WARNING * * *
The orc hits you from afar with a +0 trident.
* * * LOW HITPOINT WARNING * * *
The centaur shoots an arrow.
The arrow hits you.
* * * LOW HITPOINT WARNING * * *
The orc hits you with a +0 dagger.
* * * LOW HITPOINT WARNING * * *
The orc sorcerer hits you but does no damage.
The orc hits you but does no damage.
The orc warrior hits you from afar with a +0 halberd!
* * * LOW HITPOINT WARNING * * *
The centaur shoots an arrow.
The arrow hits you but does no damage.
The orc warrior shoots a bolt.
The bolt hits you!
* * * LOW HITPOINT WARNING * * *
The orc warrior shoots a bolt.
The bolt hits you!
* * * LOW HITPOINT WARNING * * *
The orc hits you but does no damage.
An orc wizard comes into view. It is wielding a +0 dagger.
The orc hits you but does no damage.
An orc knight comes into view. It is wielding a +0 broad axe.
An orc wizard comes into view. It is wielding a +0 dagger.
The orc sorcerer hits you but does no damage.
The orc hits you but does no damage.
The centaur shoots an arrow.
The arrow hits you!
You die...

##................
#.................
##....(...#.......#
#..................#
#(..(...#.((...#....
#(.(....((......#...
#(((....[.).........
#(())..o$(().......#
##o@(....()..#.....#
#(o(oo............#
#(cooo.#.....#.#..##
##(()[(.....(..#...#
#..))...........#
#....)).)...)...####
##..([)($(#........#
#....(.oo#o.........
#......))).().......


You could see an orc knight, an orc sorcerer, 3 orc warriors, a centaur, 2 orc
wizards and 4 orcs.

Vanquished Creatures
  Rupert (D:13)
  A stone giant (Orc:1)
  An entropy weaver (Lair:4)
  6 dire elephants (Lair:6)
  Josephine (D:11)
  2 ice dragons (D:15)
  8 hydras
  2 vault guards (D:13)
  A hell beast (D:9)
  An anaconda (Lair:6)
  3 two-headed ogres
  3 centaur warriors
  2 death knights
  A queen ant (Lair:4)
  An orc high priest (Orc:1)
  2 tengu warriors (D:13)
  5 death yaks
  5 skeletal warriors
  An unseen horror (D:11)
  An orc knight (Orc:2)
  Pikel (D:8)
  2 bog bodies (Lair:3)
  2 wizards (D:13)
  A necromancer (D:13)
  12 ugly things
  A manticore (D:15)
  2 orc sorcerers
  3 cyclopes
  2 deep elf magi
  A rust devil (D:9)
  4 elephants (Lair:6)
  5 black mambas
  Maggie (D:6)
  16 cane toads
  An orange demon (D:9)
  2 gargoyles
  6 yaktaurs
  2 kobold demonologists (D:12)
  2 efreet
  7 komodo dragons
  2 freezing wraiths
  A hornet (Lair:3)
  3 trolls
  A harpy skeleton (D:15)
  Prince Ribbit (Lair:1)
  8 blink frogs
  5 slime creatures
  A shadow (D:12)
  A spriggan (D:10)
  6 wraiths
  5 wyverns
  17 humans
  52 yaks
  3 basilisks
  Grum (D:9)
  5 vampire mosquitoes
  Menkaure (D:7)
  3 wargs (Orc:2)
  8 water moccasins
  22 soldier ants (Lair:4)
  29 orc warriors
  6 ogres
  2 eyes of draining
  6 sky beasts
  4 ice beasts
  3 phantoms
  22 centaurs
  2 black bears
  2 necrophages
  11 wolves
  4 boggarts (D:15)
  5 big kobolds
  A lemure (D:8)
  25 bullfrogs
  5 scorpions
  A wyvern skeleton (D:10)
  10 killer bees
  14 wights
  A howler monkey (D:4)
  An electric eel (D:10)
  A centaur zombie (D:10)
  A crimson imp (D:10)
  2 quasits
  4 jellies
  8 orc priests
  12 orc wizards
  6 hounds
  4 centaur skeletons
  8 iron imps
  A bullfrog skeleton (D:7)
  26 worker ants
  6 iguanas
  5 hell rats (Lair:2)
  A bullfrog simulacrum (D:10)
  14 gnolls
  8 adders
  A shadow imp (D:9)
  2 white imps (D:10)
  A worker ant simulacrum (D:10)
  An ufetubus (D:5)
  An ooze (D:1)
  2 adder skeletons (D:4)
  3 worms
  5 dart slugs
  4 leopard geckos
  48 orcs
  8 giant cockroaches
  5 goblins
  6 hobgoblins
  14 jackals
  23 kobolds
  5 quokkas
  3 ball pythons
  6 bats
  5 frilled lizards
  2 quokka skeletons
  5 rats
678 creatures vanquished.

Vanquished Creatures (collateral kills)
  An entropy weaver (Lair:4)
  A soldier ant (Lair:4)
2 creatures vanquished.

Vanquished Creatures (others)
  A necromancer (D:13)
  An orc (Orc:2)
  24 fungi
  56 plants
  4 withered plants (D:6)
86 creatures vanquished.

Grand Total: 766 creatures vanquished

Notes
Turn   | Place    | Note
-------+----------+-------------------------------------------
     0 | D:1      | lordlovebone the Demigod Wanderer began the quest for the
                  | Orb.
     0 | D:1      | lordlovebone set off with the following items: a +2 dagger,
                  | a scroll of blinking {!r}, a +0 quarterstaff, a scroll of
                  | teleportation, a +0 robe
     0 | D:1      | Reached XP level 1. HP: 17/17 MP: 3/3
    47 | D:1      | Reached skill level 2 in Fighting
    72 | D:1      | Reached skill level 1 in Short Blades
   187 | D:1      | Reached XP level 2. HP: 23/24 MP: 4/4
   625 | D:1      | You fall into a shaft and drop 1 floor!
   629 | D:2      | Found a broken altar of Ashenzari.
   640 | D:2      | Reached XP level 3. HP: 30/30 MP: 5/5
   846 | D:2      | Reached skill level 3 in Fighting
   846 | D:2      | Reached skill level 2 in Short Blades
  1031 | D:2      | Reached XP level 4. HP: 24/38 MP: 6/6
  1726 | D:2      | Reached skill level 3 in Short Blades
  2349 | D:3      | Reached XP level 5. HP: 28/45 MP: 7/7
  2944 | D:3      | Reached skill level 4 in Short Blades
  2945 | D:3      | Found a bloodstained altar of Trog.
  3062 | D:3      | Found a radiant altar of Vehumet.
  3072 | D:3      | Noticed an ogre
  3080 | D:3      | Killed an ogre
  3218 | D:4      | HP: 11/45 [poisoned by a worker ant]
  3220 | D:4      | HP: 5/45 [poisoned by a worker ant]
  3221 | D:4      | Reached XP level 6. HP: 5/51 MP: 8/8
  3227 | D:4      | HP: 11/51 [poisoned by a worker ant]
  3232 | D:3      | HP: 11/76 [poisoned by a worker ant]
  3237 | D:3      | HP: 8/76 [poisoned by a worker ant]
  3243 | D:3      | HP: 5/76 [poisoned by a worker ant]
  3248 | D:3      | HP: 4/76 [poisoned by a worker ant]
  3255 | D:3      | HP: 4/76 [poisoned by a worker ant]
  3263 | D:3      | HP: 3/76 [poisoned by a worker ant]
  3581 | D:4      | Reached skill level 5 in Short Blades
  4210 | D:4      | Reached skill level 6 in Short Blades
  4495 | D:4      | Found a burning altar of Makhleb.
  4495 | D:4      | Noticed a cacodemon
  4498 | D:4      | Noticed a neqoxec
  4498 | D:4      | Noticed an orange demon
  4519 | D:4      | Found a sparkling altar of Nemelex Xobeh.
  5127 | D:5      | Entered Level 5 of the Dungeon
  5279 | D:5      | Reached XP level 7. HP: 57/57 MP: 9/9
  5645 | D:5      | Found a runed translucent door.
  5646 | D:5      | Noticed Crazy Yiuf
  5680 | D:5      | Found Woitreth's Jewellery Shoppe.
  6204 | D:6      | Noticed Maggie
  6225 | D:6      | Reached skill level 7 in Short Blades
  6356 | D:6      | Found Wixune's Weapon Emporium.
  6568 | D:6      | Reached skill level 1 in Long Blades
  6571 | D:6      | Reached skill level 2 in Long Blades
  6720 | D:6      | Reached skill level 3 in Long Blades
  6806 | D:6      | Killed Maggie
  6807 | D:6      | Reached skill level 5 in Long Blades
  6807 | D:6      | Reached XP level 8. HP: 35/63 MP: 10/10
  7083 | D:6      | Reached skill level 6 in Long Blades
  7174 | D:6      | Found a basalt altar of Yredelemnul.
  7203 | D:6      | HP: 14/63 [centaur (5)]
  7417 | D:7      | Found a snail-covered altar of Cheibriados.
  7438 | D:7      | Noticed Menkaure
  7441 | D:7      | Killed Menkaure
  7442 | D:7      | Reached skill level 7 in Long Blades
  7526 | D:7      | Found Yrrighuhiz's Jewellery Shop.
  7575 | D:7      | Found a shimmering blue altar of Sif Muna.
  7597 | D:7      | Learned a level 2 spell: Swiftness
  7723 | D:7      | Identified Ugodgh's Collected Works on Lethal Ignition
  7853 | D:7      | Found a staircase to the Ecumenical Temple.
  8007 | D:7      | Found an opulent altar of Gozag.
  8014 | D:7      | Reached skill level 1 in Air Magic
  8279 | D:8      | Reached XP level 9. HP: 70/70 MP: 0/11
  8446 | D:8      | Reached skill level 8 in Long Blades
  8793 | D:8      | Reached skill level 9 in Long Blades
  9157 | D:8      | Found a staircase to the Lair.
  9292 | D:8      | Found an ornate altar of the Wu Jian Council.
  9476 | D:9      | Noticed Pikel
  9585 | D:9      | Reached skill level 10 in Long Blades
  9650 | D:9      | Noticed a two-headed ogre
  9690 | D:9      | Killed a two-headed ogre
  9691 | D:9      | Reached skill level 1 in Evocations
  9747 | D:9      | Reached skill level 2 in Evocations
  9776 | D:9      | Reached XP level 10. HP: 77/77 MP: 13/13
  9793 | D:9      | Noticed Grum
  9844 | D:8      | Killed Pikel
  9845 | D:8      | Reached skill level 11 in Long Blades
  9977 | D:9      | Killed Grum
 10054 | D:9      | Noticed a rust devil
 10056 | D:9      | Noticed a hell beast
 10104 | D:9      | Found a burning altar of Makhleb.
 10143 | D:9      | Killed a hell beast
 10144 | D:9      | Reached skill level 12 in Long Blades
 10226 | D:9      | Killed a rust devil
 10316 | D:9      | Found a shimmering altar of Xom.
 10335 | D:9      | Found a sparkling altar of Nemelex Xobeh.
 10535 | D:9      | Learned a level 2 spell: Passwall
 10736 | D:9      | Found a hazy altar of Hepliaklqana.
 10736 | D:9      | Noticed a two-headed ogre
 10793 | D:9      | Killed a two-headed ogre
 10794 | D:9      | Reached skill level 13 in Long Blades
 10909 | D:9      | Found a hide-covered altar of Uskayaw.
 11079 | D:10     | Entered Level 10 of the Dungeon
 11142 | D:10     | Found the ring of Phasing {EV+8}
 11249 | D:10     | Noticed a cyclops
 11282 | D:10     | Killed a cyclops
 11283 | D:10     | Reached XP level 11. HP: 61/82 MP: 14/14
 11754 | D:10     | Reached skill level 1 in Shields
 11941 | D:10     | Reached skill level 4 in Fighting
 12079 | D:10     | Reached skill level 2 in Dodging
 12575 | D:10     | Reached skill level 2 in Shields
 13139 | D:11     | Reached skill level 5 in Fighting
 13216 | D:11     | Killed an unseen horror
 13326 | D:11     | Reached skill level 3 in Dodging
 13490 | D:11     | Reached skill level 3 in Shields
 13781 | D:11     | Noticed an eight-headed hydra
 13905 | D:11     | Noticed a skeletal warrior
 13907 | D:11     | Found a staircase to the Orcish Mines.
 13907 | D:11     | Noticed a death knight
 14088 | Lair:1   | Entered Level 1 of the Lair of Beasts
 14093 | Lair:1   | Noticed a four-headed hydra
 14113 | Lair:1   | Killed a four-headed hydra
 14114 | Lair:1   | Reached skill level 6 in Fighting
 14158 | Lair:1   | Got a sparkling pewter ring
 14161 | Lair:1   | Noticed Prince Ribbit
 14211 | Lair:1   | Noticed a four-headed hydra
 14265 | Lair:1   | Killed a four-headed hydra
 14333 | Lair:1   | Noticed a six-headed hydra
 14362 | Lair:1   | Killed a six-headed hydra
 14363 | Lair:1   | Reached skill level 4 in Dodging
 14407 | Lair:1   | Reached skill level 7 in Fighting
 14407 | Lair:1   | Reached skill level 4 in Shields
 14424 | Lair:1   | HP: 22/92 [poisoned by a cane toad]
 14429 | Lair:1   | HP: 12/92 [poisoned by a cane toad]
 14434 | Lair:1   | HP: 6/92 [poisoned by a cane toad]
 14439 | Lair:1   | HP: 4/92 [poisoned by a cane toad]
 14444 | Lair:1   | HP: 2/92 [poisoned by a cane toad]
 14449 | Lair:1   | HP: 2/92 [poisoned by a cane toad]
 14456 | Lair:1   | HP: 4/92 [poisoned by a cane toad]
 14463 | Lair:1   | HP: 6/92 [poisoned by a cane toad]
 14471 | Lair:1   | HP: 10/92 [poisoned by a cane toad]
 14497 | Lair:1   | Reached XP level 12. HP: 27/100 MP: 15/15
 14886 | Lair:1   | Reached skill level 8 in Fighting
 14886 | Lair:1   | Reached skill level 5 in Dodging
 15391 | Lair:1   | Identified the ring "Saupiv" {Ice Str+3} (You found it on
                  | level 1 of the Lair of Beasts)
 15458 | Lair:1   | Killed Prince Ribbit
 15573 | Lair:2   | Noticed a seven-headed hydra
 15772 | Lair:2   | Reached skill level 9 in Fighting
 15933 | Lair:2   | Killed a seven-headed hydra
 16087 | Lair:2   | Learned a level 1 spell: Apportation
 16193 | Lair:2   | Reached skill level 10 in Fighting
 16859 | Lair:3   | Found a staircase to the Swamp.
 16875 | Lair:3   | Paralysed by a hornet for 3 turns
 17588 | Lair:4   | Reached skill level 11 in Fighting
 17831 | D:5      | Bought the amulet of Vitality {Regen+ HP+15} for 1027 gold
                  | pieces
 17831 | D:5      | Found the amulet of Vitality {Regen+ HP+15}
 18024 | Lair:4   | Learned a level 3 spell: Ozocubu's Armour
 18117 | Lair:4   | Found a staircase to the Snake Pit.
 18129 | Lair:4   | Identified a scroll of acquirement
 18130 | Lair:4   | Acquired a +2 cloak of poison resistance
 18196 | Lair:4   | Noticed an entropy weaver
 18350 | Lair:4   | Noticed a seven-headed hydra
 18357 | Lair:4   | Killed a seven-headed hydra
 18369 | Lair:4   | Noticed an entropy weaver
 18388 | Lair:4   | Killed an entropy weaver
 18389 | Lair:4   | Reached XP level 13. HP: 42/117 MP: 16/16
 18520 | Lair:4   | Learned a level 2 spell: Wereblood
 18595 | Lair:4   | Killed an entropy weaver
 18596 | Lair:4   | Reached skill level 12 in Fighting
 19327 | Lair:3   | Reached skill level 13 in Fighting
 19445 | Lair:4   | Got a shimmering leather armour
 19456 | Lair:4   | Identified the +1 leather armour of Deibb {Will+++ Str+5
                  | Int-5 Dex-2} (You found it on level 4 of the Lair of
                  | Beasts)
 20420 | Lair:6   | Entered Level 6 of the Lair of Beasts
 20546 | Lair:6   | Found a staircase to the Slime Pits.
 20736 | Lair:6   | Reached skill level 1 in Translocations
 20762 | Lair:6   | Reached skill level 1 in Spellcasting
 20762 | Lair:6   | Reached skill level 1 in Earth Magic
 21669 | Lair:6   | Acquired a +3 vorpal double sword
 21701 | Lair:6   | Reached skill level 14 in Long Blades
 21701 | Lair:6   | Reached skill level 2 in Air Magic
 21702 | Lair:6   | Noticed a dire elephant
 21720 | Lair:6   | Killed a dire elephant
 21721 | Lair:6   | Reached skill level 1 in Transmutations
 21770 | Lair:6   | Noticed a dire elephant
 21793 | Lair:6   | Killed a dire elephant
 21794 | Lair:6   | Reached skill level 2 in Translocations
 21830 | Lair:6   | Noticed a dire elephant
 21848 | Lair:6   | Killed a dire elephant
 22021 | Lair:6   | Noticed a dire elephant
 22029 | Lair:6   | Killed a dire elephant
 22030 | Lair:6   | Reached skill level 2 in Transmutations
 22313 | Lair:6   | Noticed a dire elephant
 22313 | Lair:6   | Noticed a dire elephant
 22329 | Lair:6   | Killed a dire elephant
 22341 | Lair:6   | Killed a dire elephant
 22664 | D:11     | Noticed Josephine
 22671 | D:11     | Killed Josephine
 22675 | D:11     | Reached XP level 14. HP: 129/129 MP: 19/19
 22810 | D:11     | Found a staircase to the Orcish Mines.
 23512 | D:11     | Reached skill level 15 in Long Blades
 23587 | D:11     | Found a staircase to the Orcish Mines.
 24801 | D:13     | Reached skill level 3 in Evocations
 24889 | D:13     | Reached skill level 2 in Throwing
 25283 | D:13     | Reached skill level 3 in Throwing
 25288 | D:13     | Reached skill level 4 in Evocations
 25326 | D:13     | Found Otruf's Armour Boutique.
 25563 | D:13     | Found a gate to the Vaults.
 25621 | D:13     | Bought a +2 buckler of protection for 322 gold pieces
 25821 | D:13     | Noticed Rupert
 25830 | D:13     | Killed Rupert
 25831 | D:13     | Reached skill level 14 in Fighting
 25831 | D:13     | Reached skill level 4 in Throwing
 26213 | D:14     | Reached skill level 5 in Evocations
 26376 | D:14     | Found Doschavve's Book Shoppe.
 26416 | D:14     | Found a runed translucent gate.
 26417 | D:14     | Found a runed translucent gate.
 26418 | D:14     | Found a runed translucent gate.
 26419 | D:14     | Found an opulent altar of Gozag.
 26420 | D:14     | Found Plog's Assorted Antiques.
 26420 | D:14     | Noticed Vuniox's ghost (adept GrEE)
 26420 | D:14     | Noticed a tengu reaver
 26421 | D:14     | Found Laviefiho's Assorted Antiques.
 26840 | D:15     | Entered Level 15 of the Dungeon
 27087 | D:15     | Reached skill level 5 in Throwing
 27217 | D:15     | Found a staircase to the Depths.
 27453 | D:15     | Reached skill level 6 in Throwing
 27612 | D:15     | Reached XP level 15. HP: 139/139 MP: 20/20
 27898 | Orc:1    | Entered Level 1 of the Orcish Mines
 27921 | Orc:1    | Found Coigy's Distillery.
 28120 | Orc:2    | Entered Level 2 of the Orcish Mines
 28212 | Orc:2    | Reached skill level 15 in Fighting
 28548 | Orc:2    | Paralysed by an orc sorcerer for 7 turns
 28552 | Orc:2    | HP: 38/152 [orc/+0 dagger (2)]
 28553 | Orc:2    | HP: 18/152 [orc warrior/bolt (11)]
 28553 | Orc:2    | HP: 7/152 [orc warrior/bolt (11)]
 28553 | Orc:2    | Shot with an arrow by a centaur

Illustrated notes

Levels and vault maps discovered:
D:1:      evilmike_arrival_hilbert_curve, layout_loops_ring, minmay_liquid_box,
          due_unseen_surprise
D:2:      layout_rooms, old_standard_altar, minmay_tripent
D:3:      layout_basic, grunt_temple_overflow_open
D:4:      layout_basic, makhleb_altar_promises_db, nemelex_lonely_heart_becter
D:5:      layout_cave_pods, serial_shops, nicolae_shop_stone,
          uniq_crazy_yiuf_cottage
D:6:      layout_loops_cross, yredelemnul_altar_generic, serial_shops, shop,
          small_statue_intersection, uniq_maggie
D:7:      layout_loops_ring, kennysheep_little_box, slow_altar_1,
          minmay_temple_entry_statues_pillars, serial_shops,
          nicolae_shop_crystal, basic_altar, uniq_menkaure
D:8:      layout_rooms, overflow_temple_1_default, dpeg_oklobed_lair,
          minmay_misc_feat_rugged
D:9:      layout_cave_pools, lemuel_coloured_pillars_altar,
          nemelex_xobeh_ov_fountains_minmay, overflow_temple_1_default,
          lemuel_doored_altar, lemuel_hellish_altar, uniq_grum, uniq_pikel
D:10:     layout_basic, serial_ice, serial_ice_n, serial_ice_k, serial_ice_h,
          serial_ice_d, hangedman_stone_soup
D:11:     layout_roguey, david_orc_2, uniq_josephine
D:12:     layout_grid_maze
D:13:     layout_irregular_city, grunt_vaults_entry_tiered, serial_shops, shop,
          uniq_rupert
D:14:     layout_stronghold, infiniplex_staircase_split_hallway,
          ebering_ghost_gozag, serial_shops, shop
D:15:     grunt_enter_depths_hoard, layout_long_grid,
          chequers_serial_rivers_micro_a
Lair:1:   layout_cellular_growth, beast_lair_carwin_6, grunt_megastairs_2,
          infiniplex_staircase_pool_2, lemuel_fruit_tree, uniq_prince_ribbit2
Lair:2:   layout_gridlike, minmay_lair_oklob_chamber
Lair:3:   layout_hall_layers, skrybe_swamp_entry_bodies, beast_lair_carwin_10
Lair:4:   layout_loops_ring, dummy_snake_entry, minivault_29
Lair:5:   layout_misc_corridors, chequers_serial_rivers_room_a,
          beast_lair_carwin_1
Lair:6:   due_jungle_book, layout_gridlike, slime_dummy,
          nicolae_quartered_pool_medium
Orc:1:    layout_diamond_mine, serial_shops, shop, okawaru_metal_pillars_1_2
Orc:2:    st_orc_rangers, layout_caves

Skill      XL: |  1  2  3  4  5  6  7  8  9 10 11 12 13 14 15 |
---------------+----------------------------------------------+-----
Fighting       | 2 3 7 11 13 14 15 | 15.1
Short Blades   | 1 2 3 4 6 7 |  7.2
Long Blades    | 5 7 10 13 14 15 | 15.4
Air Magic      | 1 2 |  2.0
Evocations     | 2 5 |  5.0
Shields        | 4 |  4.0
Dodging        | 4 5 |  5.0
Translocations | 2 |  2.0
Spellcasting   | 1 |  1.3
Earth Magic    | 1 |  1.0
Transmutations | 2 |  2.0
Throwing       | 6 |  6.0
Maces & Flails | |  1.0
Staves         | |  1.0
Armour         | |  1.0
Stealth        | |  2.6

Action                   |  1- 3 |  4- 6 |  7- 9 | 10-12 | 13-15 || total
-------------------------+-------+-------+-------+-------+-------++-------
Melee: Dagger            |    73 |   169 |    63 |       |       ||   305
       Short sword       |       |       |   111 |   767 |   168 ||  1046
       Falchion          |       |       |       |   183 |   317 ||   500
       Long sword        |       |       |       |    42 |       ||    42
       Double sword      |       |       |       |       |   621 ||   621
       Scimitar          |       |       |       |       |    11 ||    11
 Fire: Hunting sling     |       |    79 |   176 |   428 |    83 ||   766
Throw: Dart              |     9 |    17 |    33 |    28 |    38 ||   125
       Stone             |     5 |     2 |     1 |       |       ||     8
       Boomerang         |       |     9 |     1 |     1 |       ||    11
       Throwing net      |       |       |       |     2 |       ||     2
 Cast: Apportation       |       |       |       |     8 |       ||     8
       Wereblood         |       |       |       |       |    18 ||    18
Evoke: Wand              |       |       |    20 |    32 |    28 ||    80
       Box of beasts     |       |       |       |     1 |     2 ||     3
       Tin of tremorston |       |       |       |       |     2 ||     2
  Use: Scroll            |       |     8 |     9 |    19 |    19 ||    55
       Potion            |       |     2 |     1 |       |       ||     3
 Stab: Sleeping          |     6 |     4 |     4 |     4 |     8 ||    26
       Paralysed         |       |       |       |     6 |       ||     6
       Held in net/web   |       |       |       |     1 |       ||     1
       Distracted        |       |       |       |       |     2 ||     2
Armor: Robe              |     6 |    16 |    22 |       |       ||    44
       Plate armour      |       |       |    26 |   185 |       ||   211
       Skin              |       |       |    14 |       |       ||    14
       Troll leather arm |       |       |       |    44 |   202 ||   246
Dodge: Dodged            |    34 |    95 |    90 |   432 |   719 ||  1370
Block: Buckler           |     4 |    24 |    31 |   121 |   221 ||   401
       Rpst.: Falchion   |       |       |       |    24 |    65 ||    89
       Long sword        |       |       |       |     3 |       ||     3
       Double sword      |       |       |       |       |    84 ||    84
       Scimitar          |       |       |       |       |     1 ||     1

Table legend: (Time is in decaauts)
 A = Elapsed time spent in this place.
 B = Non-inter-level travel time spent in this place.
 C = Inter-level travel time spent in this place.
 D = Time resting spent in this place.
 E = Time spent auto-exploring this place.
 F = Levels seen in this place.
 G = Mean time per level.
                   A        B        C        D        E       F      G
               +--------+--------+--------+--------+--------+-----+--------+
         Total |  27746 |  26178 |   1568 |   4113 |  15799 |  23 | 1206.3 |
       Dungeon |  19199 |  18129 |   1070 |   2964 |  11184 |  15 | 1279.9 |
          Lair |   7919 |   7455 |    464 |    921 |   4434 |   6 | 1319.8 |
  Orcish Mines |    627 |    594 |     33 |    227 |    181 |   2 |  313.5 |
               +--------+--------+--------+--------+--------+-----+--------+

Top non-repeatable levels by time:
    D:11: 2184 daAuts
  Lair:6: 2033 daAuts
    D:10: 1786 daAuts
  Lair:4: 1648 daAuts
     D:8: 1608 daAuts
     D:4: 1591 daAuts
  Lair:1: 1415 daAuts
     D:9: 1366 daAuts
    D:13: 1314 daAuts
     D:6: 1299 daAuts
     D:2: 1233 daAuts
     D:3: 1223 daAuts
     D:1: 1054 daAuts
     D:5: 1046 daAuts
  Lair:2: 1031 daAuts

Table legend:
 A = Kills in this place as a percentage of kills in entire the game.
 B = Kills by you in this place as a percentage of kills by you in the entire game.
 C = Kills by friends in this place as a percentage of kills by friends in the entire game.
 D = Other kills in this place as a percentage of other kills in the entire game.
 E = Experience gained in this place as a percentage of experience gained in the entire game.
 F = Experience gained in this place divided by the number of levels of this place that you have seen.
                   A       B       C       D       E      F
               +-------+-------+-------+-------+-------+----------------------
         Total | 100.0 | 100.0 | 100.0 | 100.0 | 100.0 | 5734.7
       Dungeon |  61.6 |  61.7 |   0.0 | 100.0 |  51.4 | 4524.1
          Lair |  27.5 |  27.3 | 100.0 |   0.0 |  41.5 | 9129.2
  Orcish Mines |  10.9 |  10.9 |   0.0 |   0.0 |   7.0 | 4631.0
               +-------+-------+-------+-------+-------+----------------------
